[Event "Team 45 45 League T86"]
[Site "Internet Chess Club"]
[Date "2020.10.10"]
[Round "2"]
[White "julesraider"]
[Black "ascoli"]
[Result "1-0"]
[WhiteElo "1586"]
[BlackElo "1622"]
[Opening "King's Indian: orthodox, Aronin-Taimanov, bayonet attack"]
[ECO "E97"]
[Time "11:01:01"]
[TimeControl "2700+45"]

1. d4 Nf6 2. c4 g6 3. Nc3 Bg7 4. e4 d6 5. Nf3 O-O 6. Be2 e5 7. O-O Nc6 8. d5 Ne7
9. b4 a5 10. Qb3 axb4 11. Qxb4 Nd7 12. Be3 f5 13. Ng5 Nf6 14. f4 c5 15. dxc6
Nxc6 16. Qb3 fxe4 17. c5+ d5 18. fxe5 Na5 19. Qb6 Qxb6 20. cxb6 Ng4 21. Bc5
Rxf1+ 22. Rxf1 Nxh2 23. Nxd5 Bxe5 24. Ne7+ Kg7 25. Rf7+ Kh6 26. Be3 Ng4 27.
Rxh7# {Black checkmated} 1-0

[Event "Team 45 45 League T86"]
[Site "Internet Chess Club"]
[Date "2020.10.07"]
[Round "2"]
[White "room-matt"]
[Black "Egmont"]
[Result "1-0"]
[WhiteElo "1796"]
[BlackElo "1724"]
[Opening "French: MacCutcheon, Janowski variation"]
[ECO "C12"]
[Time "12:34:09"]
[TimeControl "2700+45"]

1. e4 e6 2. d4 d5 3. Nc3 Nf6 4. Bg5 Bb4 5. e5 h6 6. Be3 Ne4 7. Qg4 g6 8. a3
Bxc3+ 9. bxc3 Nxc3 10. Bd3 Qe7 11. h4 Bd7 12. Ne2 Nxe2 13. Qxe2 c5 14. dxc5 Nc6
15. f4 d4 16. Bd2 Qxc5 17. h5 gxh5 18. Rxh5 O-O-O 19. Qf3 a5 20. Be4 Kb8 21. Qd3
Ne7 22. Rb1 Bc6 23. Bxc6 Nxc6 24. Qb3 Rd7 25. Rb2 d3 26. Kf1 dxc2 27. Rxc2 Qd5
28. Rh3 Nd4 29. Qxd5 Rxd5 30. Rb2 Nc6 31. Rhb3 Rd7 32. Be3 h5 33. Rb6 Ka8 34.
Bc5 Ne7 35. Bxe7 Rxe7 36. R2b5 Rc8 37. Rxa5+ Kb8 38. Kf2 Rc3 39. Rd6 Kc7 40. Ra7
Kb8 41. Ra5 Kc7 42. a4 Re8 43. Rb5 Rc6 44. Rd4 Ra8 45. Rdb4 Ra7 46. a5 Rca6 47.
Rc5+ Rc6 48. Rbb5 Ra6 49. Kg3 Rxc5 50. Rxc5+ Rc6 51. Rxc6+ bxc6 52. Kf3 Kb7 53.
Ke4 Ka6 54. Kd4 Kxa5 55. Kc5 Ka4 56. Kxc6 Kb4 57. Kd6 Kc4 58. Ke7 Kd4 59. Kxf7
{Black resigns} 1-0

[Event "Team 45 45 League T86"]
[Site "Internet Chess Club"]
[Date "2020.10.11"]
[Round "2"]
[White "Goli"]
[Black "filmdirector"]
[Result "0-1"]
[WhiteElo "1718"]
[BlackElo "1584"]
[Opening "Ruy Lopez: exchange variation"]
[ECO "C68"]
[Time "13:02:42"]
[TimeControl "2700+45"]

1. e4 e5 2. Nf3 Nc6 3. Bb5 a6 4. Bxc6 dxc6 5. h3 Nf6 6. O-O Bc5 7. Re1 O-O 8.
Nxe5 Bxf2+ 9. Kxf2 Qd4+ 10. Kf1 Qxe5 11. Qf3 c5 12. d3 h6 13. Nc3 Nh5 14. Kg1
Be6 15. g4 Nf6 16. Bf4 Qd4+ 17. Be3 Qb4 18. Rab1 Nd7 19. a3 Qa5 20. Bf4 g5 21.
Bg3 c6 22. Bd6 Rfe8 23. e5 Qd8 24. Ne4 Bd5 25. c4 Bxe4 26. Rxe4 Re6 27. Rf1 Qe8
28. Qf5 Rd8 29. Rf3 b6 30. h4 gxh4 31. Rh3 Rg6 32. Rxh4 Nf8 33. Rh5 Nh7 34. Rf4
Ng5 35. Bc7 Ne6 36. Bxd8 Nxf4 37. Qxf4 Qxd8 38. Rxh6 Rxh6 39. Qxh6 Qd4+ 40. Kh1
Qxd3 41. Qxc6 Qb1+ 42. Kh2 Qxb2+ 43. Kh3 Qxa3+ 44. Kh4 Qa5 45. Kh5 Qc3 46. Qe8+
Kg7 47. Qb8 Qxc4 48. Qxb6 Qe6 49. Qxe6 fxe6 50. Kg5 a5 51. Kf4 a4 52. Ke3 a3 53.
Kd2 a2 {White resigns} 0-1

[Event "Team 45 45 League T86"]
[Site "Internet Chess Club"]
[Date "2020.10.12"]
[Round "2"]
[White "Zugzwanged"]
[Black "cityprosecutor"]
[Result "1-0"]
[WhiteElo "1691"]
[BlackElo "1643"]
[Opening "Pirc: Austrian attack, dragon formation"]
[ECO "B09"]
[Time "14:31:42"]
[TimeControl "2700+45"]

1. e4 d6 2. d4 Nf6 3. Nc3 g6 4. f4 Bg7 5. Nf3 c5 6. Bb5+ Bd7 7. e5 Ng4 8. e6
fxe6 9. Ng5 Bxb5 10. Nxe6 Bxd4 11. Nxb5 Qa5+ 12. Qd2 Bf2+ 13. Kd1 Ne3+ 14. Ke2
Qxb5+ 15. Kxf2 Ng4+ 16. Kg3 Qd7 17. Re1 Nf6 18. b3 Nc6 19. Bb2 Nd4 20. Bxd4 cxd4
21. Qxd4 Kf7 22. Re2 Rhe8 23. Rae1 a6 24. c4 Rac8 25. h3 b5 26. cxb5 axb5 27.
Kh2 Ra8 28. Rc1 Rac8 29. Rce1 Ra8 30. g4 Qb7 31. Rc1 Rac8 32. Ng5+ Kg8 33. Rce1
Ra8 34. Qd3 Qd5 35. Qe3 e5 36. Rd2 Qc6 37. fxe5 Rxe5 38. Qf2 Rxe1 39. Qxe1 Re8
40. Qf2 Qc3 41. Nf3 Ne4 42. Rc2 Qd3 43. Qe2 Qd5 44. Nd2 Qe5+ 45. Kg1 Qg3+ 46.
Qg2 Qe3+ 47. Kh2 Qf4+ 48. Kg1 Qe3+ 49. Kh2 Qf4+ 50. Kg1 {Black forfeits on time}
1-0

[Event "Team 45 45 League T86"]
[Site "Internet Chess Club"]
[Date "2020.10.11"]
[Round "2"]
[White "scostanzo212"]
[Black "pishd"]
[Result "0-1"]
[WhiteElo "1633"]
[BlackElo "1814"]
[Opening "QGD: exchange, positional line, 5...c6"]
[ECO "D35"]
[Time "11:04:53"]
[TimeControl "2700+45"]

1. d4 d5 2. c4 e6 3. Nc3 Nf6 4. cxd5 exd5 5. Bg5 c6 6. e3 Nbd7 7. Bd3 Be7 8. Qc2
Nh5 9. Bxe7 Qxe7 10. Nf3 Nf4 11. O-O Nxd3 12. Qxd3 O-O 13. Rfc1 Nf6 14. Na4 Ne4
15. Nc5 Bf5 16. Qb3 Rab8 17. Qa4 a6 18. b4 Rfd8 19. Qb3 Nd6 20. Ne5 Nb5 21. Nxa6
Ra8 22. a4 Nxd4 23. exd4 Rxa6 24. b5 cxb5 25. Qxb5 f6 26. Nf3 Qd7 27. Qxd7 Bxd7
28. a5 Rda8 29. Rc5 Bc6 30. Nd2 Kf7 31. Nb3 Ke7 32. f4 Kd6 33. f5 b6 34. Rc3
bxa5 35. Nc5 R6a7 36. Rh3 h6 37. Re3 Bd7 38. Nxd7 Kxd7 39. Rae1 a4 40. Re7+ Kc6
41. R7e6+ Kb5 42. Rb1+ Kc4 43. Rc6+ Kxd4 44. Rd1+ Ke5 45. g4 Kf4 46. h3 a3 47.
Re6 a2 48. Rd4+ Kg5 49. h4+ Kxh4 50. Kh2 a1=Q {White resigns} 0-1